Penguins vs BlackHawks

Created - November 30, 2015 at 17:46

Goals
1 2 3 OT1 SO T
Penguins 0 2 1 0 0 3
BlackHawks 1 1 1 0 1 4
Shots
1 2 3 OT1 SO T
Penguins 11 12 12 2 4 37
BlackHawks 10 5 8 2 4 25

1st period

1. BlackHawks , Ryan OReilly 4 (Alex Galchenyuk) at 9:26

Penalties :
Mark Giordano (PIT) for Holding Stick (Minor) at 1:20, Ondrej Palat (PIT) for Slashing (Minor) at 13:57

2nd period

2. Penguins , Mike Cammalleri 5 (Ryan Nugent-Hopkins, Seth Jones) at 2:33
3. BlackHawks , Kevin Bieksa 4 (Ryan OReilly, Justin Abdelkader) at 8:30 (PP)
4. Penguins , Mark Giordano 3 (James van Riemsdyk, Ryan Getzlaf) at 10:32 (PP)

Penalties :
Jacob Trouba (PIT) for Roughing (Minor) at 7:18, Tom Wilson (CHI) for Tripping (Minor) at 8:43, Luke Glendening (PIT) for Roughing (Minor) at 19:34

3rd period

5. Penguins , Ryan Getzlaf 8 (James van Riemsdyk, Mark Giordano) at 9:10 (PP)
6. BlackHawks , Dion Phaneuf 2 (Marek Zidlicky, Trevor Lewis) at 18:09 (PP)

Penalties :
Kevin Bieksa (CHI) for Hooking (Minor) at 6:04, Keith Aulie (CHI) for Roughing (Minor) at 8:44, Adam McQuaid (CHI) for Tripping (Minor) at 10:04, Adam McQuaid (CHI) for High sticking (Minor) at 12:44, Gregory Campbell (PIT) for Hooking (Minor) at 17:09

Overtime #1

No Goal

Penalties :
No Penalty

Shootout

Penalty Shot by Ryan Nugent-Hopkins for Penguins - Stopped by Cam Ward
Penalty Shot by Alex Galchenyuk for BlackHawks - Stopped by Marc-Andre Fleury
Penalty Shot by Jakub Voracek for Penguins - Stopped by Cam Ward
Penalty Shot by Zack Kassian for BlackHawks - Stopped by Marc-Andre Fleury
Penalty Shot by Mike Cammalleri for Penguins - Stopped by Cam Ward
Penalty Shot by Justin Abdelkader for BlackHawks - Shot Misses the Net
Penalty Shot by Ryan Getzlaf for Penguins - Stopped by Cam Ward
Penalty Shot by Ryan OReilly for BlackHawks - Goal!

Penalties :
No Penalty

Goalie Stats

Marc-Andre Fleury (PIT), 22 saves from 25 shots - (0.880), OTL, 13-12-1, 65:00 minutes
Cam Ward (CHI), 34 saves from 37 shots - (0.919), W, 4-5-3, 65:00 minutes

Players Stats for Penguins

Player Name              G  A  P  +/- PIM S  H  SB GA TA FO     MP     PP MP  PK MP  
------------------------------------------------------------------------------------
Brandon Saad             0  0  0   0  0   4  0  0  0  0  0/0    14:51   0:00   4:08 
Dmitry Kulikov           0  0  0   1  0   0  2  1  0  0  0/0    14:54   0:00   4:27 
Gregory Campbell         0  0  0   0  2   0  0  0  0  0  3/4     7:28   0:00   2:00 
Jacob De La Rose         0  0  0   0  0   0  0  0  0  0  0/0     0:40   0:00   0:40 
Jacob Trouba             0  0  0   0  2   3  0  1  0  0  0/0    22:16   3:09   0:56 
Jakub Voracek            0  0  0  -1  0   7  0  0  0  0  0/2    20:24   4:38   0:00 
James van Riemsdyk       0  2  2  -1  0   2  1  0  0  0  1/2    20:52   4:38   0:00 
Luke Glendening          0  0  0   0  2   0  2  0  0  0  7/18   14:02   0:00   3:20 
Mark Arcobello           0  0  0   0  0   0  0  0  0  0  5/7     5:29   0:00   0:00 
Mark Giordano            1  1  2  -1  2   2  2  1  0  0  0/0    27:48   5:03   2:46 
Mike Cammalleri          1  0  1   1  0   5  0  0  0  0  0/1    17:31   3:34   0:00 
Ondrej Palat             0  0  0   1  2   1  4  0  0  0  1/2    20:51   3:34   3:21 
Ryan Getzlaf             1  1  2  -1  0   6  1  0  0  0  15/30  20:52   4:38   0:00 
Ryan Nugent-Hopkins      0  1  1   1  0   2  1  0  0  0  11/27  22:36   3:34   2:49 
Ryan Suter               0  0  0  -1  0   2  5  0  0  0  0/0    28:51   5:03   3:48 
Seth Jones               0  1  1   1  0   1  0  2  0  0  0/0    10:27   0:00   0:00 
Tanner Pearson           0  0  0   0  0   2  2  0  0  0  0/0    16:12   0:00   0:00 
Victor Hedman            0  0  0   0  0   0  2  1  0  0  0/0    25:42   3:09   4:21 

Players Stats for BlackHawks

Player Name              G  A  P  +/- PIM S  H  SB GA TA FO     MP     PP MP  PK MP  
------------------------------------------------------------------------------------
Adam McQuaid             0  0  0   0  4   0  1  2  0  0  0/0    16:10   0:42   1:59 
Alex Galchenyuk          0  1  1   0  0   3  0  0  0  0  2/2    24:05   4:00   0:00 
Brandon Bollig           0  0  0   0  0   0  0  0  0  0  2/4     4:44   0:00   0:00 
Dion Phaneuf             1  0  1  -1  0   3  1  0  0  0  0/0    26:54   4:34   4:49 
Dwight King              0  0  0   0  0   1  0  0  0  0  0/1    17:13   4:09   0:00 
Justin Abdelkader        0  1  1   0  0   1  2  0  0  0  1/2    21:35   4:00   0:00 
Keith Aulie              0  0  0   0  2   1  3  1  0  0  0/0    15:44   0:00   0:52 
Kevin Bieksa             1  0  1   1  2   2  2  1  0  0  0/0    23:26   3:35   3:37 
Luke Gazdic              0  0  0   0  0   1  0  0  0  0  0/0     4:21   0:00   0:00 
Marcus Foligno           0  0  0   0  0   1  1  0  0  0  1/1    14:09   0:00   5:07 
Marek Zidlicky           0  1  1   1  0   1  1  0  0  0  0/0    21:49   3:52   0:20 
Mike Richards            0  0  0   0  0   0  1  1  0  0  11/18  14:09   0:00   5:07 
Robyn Regehr             0  0  0  -1  0   2  1  0  0  0  0/0    25:53   3:35   4:47 
Ryan OReilly             1  1  2   0  0   4  0  0  0  0  19/35  23:11   4:00   0:15 
Ryan Reaves              0  0  0   0  0   1  1  0  0  0  0/0     4:21   0:00   0:00 
Tom Wilson               0  0  0   0  2   1  3  0  0  0  0/0    11:51   0:00   2:50 
Trevor Lewis             0  1  1   0  0   2  1  0  0  0  14/27  23:11   4:09   3:05 
Zack Kassian             0  0  0   0  0   1  2  0  0  0  0/3    18:57   4:09   0:00 

3 Stars

1 - Ryan OReilly (CHI)
2 - Ryan Getzlaf (PIT)
3 - Mike Cammalleri (PIT)

Power Play

Penguins - 2 on 5 Attempt(s) - 40.00%
BlackHawks - 2 on 5 Attempt(s) - 40.00%

Penalty Kill

Penguins - 3 on 5 Attempt(s) - 60.00% - Score 0 goal in Penalty Kill
BlackHawks - 3 on 5 Attempt(s) - 60.00% - Score 0 goal in Penalty Kill

Team Stat

Penguins - Hits : 22 - Faceoff Wins : 43 - Blocked Shots : 6 - Penalty Minutes : 10
BlackHawks - Hits : 20 - Faceoff Wins : 50 - Blocked Shots : 5 - Penalty Minutes : 10

Official

Referees : Francois St. Laurent and Jean Hebert
Linesman : Brad Kovachik and Brad Lazarowich

Game Notes

No Game Note

Finance

Level 1 -- Attendance: 6288 (96.74%) -- Ticket Income $697,968
Level 2 -- Attendance: 4546 (90.92%) -- Ticket Income $340,950
Level 3 -- Attendance: 3114 (88.97%) -- Ticket Income $171,270
Level 4 -- Attendance: 2618 (70.43%) -- Ticket Income $96,866
Luxury Box -- Attendance: 898 (89.80%) -- Ticket Income $178,702
Game was played at the United Center.
Total Attendance: 17464 (88.57%)
Total Ticket Income: $1,485,756
Other Income: $222,863
Total Income: $1,708,619

% Time on Ice - Penguins

Lines # - Real PCT - Wanted PCT - Time Play
Normal Forward
1 - 31% - 32% - 13:30
2 - 32% - 32% - 13:57
3 - 25% - 24% - 10:43
4 - 13% - 12% - 5:29
Normal Defense
1 - 40% - 40% - 17:19
2 - 36% - 40% - 15:53
3 - 22% - 20% - 9:37
4 - 2% - 0% - 0:50
PP Forward
1 - 57% - 53% - 4:38
2 - 43% - 47% - 3:34
PP Defense
1 - 62% - 75% - 5:03
2 - 38% - 25% - 3:09
PK Forward
1 - 65% - 55% - 5:20
2 - 35% - 45% - 2:49
PK Defense
1 - 55% - 60% - 4:27
2 - 45% - 40% - 3:42
PK3 Forward
1 - 0% - 55%
2 - 0% - 45%
PK3 Defense
1 - 0% - 55%
2 - 0% - 45%
44 Forward
1 - 55% - 55% - 2:44
2 - 45% - 45% - 2:16
44 Defense
1 - 54% - 55% - 2:41
2 - 46% - 45% - 2:19
Last Minute Offensive  - 0:00
Last Minute Defensive  - 0:00
Total
Forward - 65:00
Defense - 65:00

% Time on Ice - BlackHawks

Lines # - Real PCT - Wanted PCT - Time Play
Normal Forward
1 - 39% - 38% - 17:12
2 - 30% - 32% - 13:04
3 - 21% - 20% - 9:02
4 - 10% - 10% - 4:21
Normal Defense
1 - 36% - 37% - 15:30
2 - 31% - 34% - 13:39
3 - 30% - 29% - 13:08
4 - 3% - 0% - 1:22
PP Forward
1 - 49% - 60% - 4:00
2 - 51% - 40% - 4:09
PP Defense
1 - 56% - 60% - 4:34
2 - 44% - 40% - 3:35
PK Forward
1 - 62% - 55% - 5:07
2 - 38% - 45% - 3:05
PK Defense
1 - 42% - 55% - 3:26
2 - 58% - 45% - 4:46
PK3 Forward
1 - 0% - 50%
2 - 0% - 50%
PK3 Defense
1 - 0% - 55%
2 - 0% - 45%
44 Forward
1 - 58% - 55% - 2:53
2 - 42% - 45% - 2:07
44 Defense
1 - 48% - 55% - 2:24
2 - 52% - 45% - 2:36
Last Minute Offensive  - 0:00
Last Minute Defensive  - 0:00
Total
Forward - 65:00
Defense - 65:00

Play by Play

1st period


0:01 of 1st period - Ryan Getzlaf wins face-off versus Ryan OReilly in neutral zone.
0:59 of 1st period - Shot by Trevor Lewis.
0:59 of 1st period - Shot Misses the Net.
1:15 of 1st period - Shot by Dwight King.
1:15 of 1st period - Shot Misses the Net.
1:17 of 1st period - Shot by Zack Kassian.
1:17 of 1st period - Shot Misses the Net.
1:19 of 1st period - Shot by Dwight King.
1:19 of 1st period - Shot Misses the Net.
1:20 of 1st period - Minor Penalty to Mark Giordano for Holding Stick.
1:21 of 1st period - Ryan OReilly wins face-off versus Luke Glendening in Penguins zone.
1:43 of 1st period - Shot by Ryan OReilly.
1:43 of 1st period - Stopped by Marc-Andre Fleury with a rebound.
1:45 of 1st period - Shot by Alex Galchenyuk.
1:45 of 1st period - Shot Misses the Net.
1:47 of 1st period - Shot by Dion Phaneuf.
1:47 of 1st period - Stopped by Marc-Andre Fleury with a rebound.
2:09 of 1st period - Off-side.
2:10 of 1st period - Trevor Lewis wins face-off versus Ryan Nugent-Hopkins in neutral zone.
2:31 of 1st period - Shot by Robyn Regehr.
2:31 of 1st period - Stopped by Marc-Andre Fleury with a rebound.
2:33 of 1st period - Shot by Kevin Bieksa.
2:33 of 1st period - Stopped by Marc-Andre Fleury without a rebound.
2:34 of 1st period - Ryan OReilly wins face-off versus Luke Glendening in Penguins zone.
2:59 of 1st period - Shot by Justin Abdelkader.
2:59 of 1st period - Shot Misses the Net.
3:13 of 1st period - Robyn Regehr is hit by Ryan Nugent-Hopkins and loses puck.
4:19 of 1st period - Shot by Jakub Voracek.
4:19 of 1st period - Deflect By Ryan Getzlaf.
4:19 of 1st period - Stopped by Cam Ward without a rebound.
4:20 of 1st period - Ryan Nugent-Hopkins wins face-off versus Trevor Lewis in BlackHawks zone.
4:35 of 1st period - Shot by Mike Cammalleri.
4:35 of 1st period - Stopped by Cam Ward without a rebound.
4:36 of 1st period - Ryan Getzlaf wins face-off versus Ryan OReilly in BlackHawks zone.
4:36 of 1st period - Jakub Voracek is hit by Kevin Bieksa and loses puck.
4:47 of 1st period - Shot by Jakub Voracek.
4:47 of 1st period - Stopped by Cam Ward without a rebound.
4:48 of 1st period - Ryan Nugent-Hopkins wins face-off versus Trevor Lewis in BlackHawks zone.
5:15 of 1st period - Shot by Dwight King.
5:15 of 1st period - Stopped by Marc-Andre Fleury without a rebound.
5:16 of 1st period - Luke Glendening wins face-off versus Ryan OReilly in Penguins zone.
5:41 of 1st period - Kevin Bieksa is hit by Tanner Pearson and loses puck.
6:43 of 1st period - Shot by Ondrej Palat.
6:43 of 1st period - Deflect By Mike Cammalleri.
6:43 of 1st period - Stopped by Cam Ward without a rebound.
6:44 of 1st period - Trevor Lewis wins face-off versus Ryan Getzlaf in BlackHawks zone.
7:21 of 1st period - Shot by Jakub Voracek.
7:21 of 1st period - Stopped by Cam Ward without a rebound.
7:22 of 1st period - Luke Glendening wins face-off versus Brandon Bollig in BlackHawks zone.
7:33 of 1st period - Shot by Brandon Saad.
7:33 of 1st period - Stopped by Cam Ward without a rebound.
7:34 of 1st period - Mike Richards wins face-off versus Ryan Nugent-Hopkins in BlackHawks zone.
8:00 of 1st period - Shot by Marcus Foligno.
8:00 of 1st period - Shot Misses the Net.
9:08 of 1st period - Shot by Brandon Saad.
9:08 of 1st period - Stopped by Cam Ward without a rebound.
9:09 of 1st period - Ryan OReilly wins face-off versus Ryan Getzlaf in BlackHawks zone.
9:15 of 1st period - Alex Galchenyuk is hit by Mark Giordano and loses puck.
9:19 of 1st period - Ryan OReilly is hit by Mark Giordano and loses puck.
9:24 of 1st period - Shot by Alex Galchenyuk.
9:24 of 1st period - Shot Misses the Net.
9:26 of 1st period - Shot by Ryan OReilly.
9:26 of 1st period - Goal by Ryan OReilly - Penguins : 0 - BlackHawks : 1.
9:27 of 1st period - Mark Arcobello wins face-off versus Brandon Bollig in neutral zone.
9:27 of 1st period - Mark Arcobello is hit by Ryan Reaves.
9:50 of 1st period - Icing by Jacob Trouba.
9:51 of 1st period - Ryan OReilly wins face-off versus Mark Arcobello in Penguins zone.
10:12 of 1st period - Shot by Mark Arcobello.
10:12 of 1st period - Shot Misses the Net.
10:25 of 1st period - Alex Galchenyuk is hit by Ryan Suter and loses puck.
10:32 of 1st period - Shot by Alex Galchenyuk.
10:32 of 1st period - Stopped by Marc-Andre Fleury with a rebound.
11:07 of 1st period - Trevor Lewis is hit by Ryan Suter and loses puck.
12:21 of 1st period - Icing by Luke Glendening.
12:22 of 1st period - Ryan OReilly wins face-off versus Luke Glendening in Penguins zone.
12:25 of 1st period - Shot by Ryan OReilly.
12:25 of 1st period - Stopped by Marc-Andre Fleury without a rebound.
12:26 of 1st period - Ryan OReilly wins face-off versus Luke Glendening in Penguins zone.
12:50 of 1st period - Justin Abdelkader is hit by Victor Hedman.
13:02 of 1st period - Shot by Alex Galchenyuk.
13:02 of 1st period - Shot Misses the Net.
13:04 of 1st period - Shot by Ryan OReilly.
13:04 of 1st period - Shot Blocked by Jacob Trouba.
13:11 of 1st period - Brandon Saad is hit by Marek Zidlicky and loses puck.
13:19 of 1st period - Off-side.
13:20 of 1st period - Mike Richards wins face-off versus Ondrej Palat in neutral zone.
13:20 of 1st period - Mike Richards is hit by Ondrej Palat.
13:57 of 1st period - Minor Penalty to Ondrej Palat for Slashing.
13:58 of 1st period - Trevor Lewis wins face-off versus Luke Glendening in Penguins zone.
14:19 of 1st period - Mark Giordano is hit by Trevor Lewis and loses puck.
14:24 of 1st period - Shot by Zack Kassian.
14:24 of 1st period - Stopped by Marc-Andre Fleury without a rebound.
14:25 of 1st period - Ryan OReilly wins face-off versus Luke Glendening in Penguins zone.
14:36 of 1st period - Shot by Robyn Regehr.
14:36 of 1st period - Deflect By Ryan OReilly.
14:36 of 1st period - Shot Misses the Net.
14:38 of 1st period - Shot by Robyn Regehr.
14:38 of 1st period - Stopped by Marc-Andre Fleury without a rebound.
14:39 of 1st period - Ryan OReilly wins face-off versus Luke Glendening in Penguins zone.
14:39 of 1st period - Ryan OReilly is hit by Victor Hedman.
15:41 of 1st period - Dwight King is hit by Luke Glendening and loses puck.
16:25 of 1st period - Shot by Ryan Nugent-Hopkins.
16:25 of 1st period - Shot Blocked by Mike Richards.
16:55 of 1st period - Shot by Jakub Voracek.
16:55 of 1st period - Stopped by Cam Ward without a rebound.
16:56 of 1st period - Ryan Getzlaf wins face-off versus Dwight King in BlackHawks zone.
17:11 of 1st period - Shot by Ryan Getzlaf.
17:11 of 1st period - Stopped by Cam Ward without a rebound.
17:12 of 1st period - Mark Arcobello wins face-off versus Ryan OReilly in BlackHawks zone.
17:31 of 1st period - Shot by Tanner Pearson.
17:31 of 1st period - Stopped by Cam Ward without a rebound.
17:32 of 1st period - Ryan Getzlaf wins face-off versus Trevor Lewis in BlackHawks zone.
17:41 of 1st period - Shot by Jakub Voracek.
17:41 of 1st period - Stopped by Cam Ward without a rebound.
17:42 of 1st period - Luke Glendening wins face-off versus Ryan OReilly in BlackHawks zone.
17:43 of 1st period - Shot by Brandon Saad.
17:43 of 1st period - Shot Misses the Net.
17:53 of 1st period - Shot by Alex Galchenyuk.
17:53 of 1st period - Shot Misses the Net.
19:08 of 1st period - Shot by Ryan Getzlaf.
19:08 of 1st period - Shot Misses the Net.
19:11 of 1st period - Icing by Marek Zidlicky.
19:12 of 1st period - Trevor Lewis wins face-off versus Mike Cammalleri in BlackHawks zone.
19:12 of 1st period - Trevor Lewis is hit by Ondrej Palat.
19:33 of 1st period - Ondrej Palat is hit by Tom Wilson and loses puck.
Goals for this period are 0 for Penguins vs 1 for BlackHawks.
Shots for this period are 11 for Penguins vs 10 for BlackHawks.

2nd period


0:01 of 2nd period - Alex Galchenyuk wins face-off versus Ryan Getzlaf in neutral zone.
0:26 of 2nd period - Icing by Dion Phaneuf.
0:27 of 2nd period - Luke Glendening wins face-off versus Ryan OReilly in BlackHawks zone.
0:51 of 2nd period - Icing by Luke Glendening.
0:52 of 2nd period - Trevor Lewis wins face-off versus Luke Glendening in Penguins zone.
1:01 of 2nd period - Adam McQuaid is hit by Luke Glendening and loses puck.
1:06 of 2nd period - Shot by Brandon Saad.
1:06 of 2nd period - Deflect By Tanner Pearson.
1:06 of 2nd period - Stopped by Cam Ward with a rebound.
1:08 of 2nd period - Shot by Ryan Suter.
1:08 of 2nd period - Shot Blocked by Adam McQuaid.
2:33 of 2nd period - Shot by Mike Cammalleri.
2:33 of 2nd period - Goal by Mike Cammalleri - Penguins : 1 - BlackHawks : 1.
2:34 of 2nd period - Mark Arcobello wins face-off versus Ryan OReilly in neutral zone.
3:33 of 2nd period - Icing by Adam McQuaid.
3:34 of 2nd period - Trevor Lewis wins face-off versus Ryan Getzlaf in BlackHawks zone.
5:29 of 2nd period - Kevin Bieksa is hit by Ondrej Palat and loses puck.
6:17 of 2nd period - Icing by Kevin Bieksa.
6:18 of 2nd period - Brandon Bollig wins face-off versus Ryan Getzlaf in BlackHawks zone.
6:18 of 2nd period - Brandon Bollig is hit by Ryan Getzlaf.
6:29 of 2nd period - Icing by Jacob Trouba.
6:30 of 2nd period - Alex Galchenyuk wins face-off versus Ryan Getzlaf in Penguins zone.
6:37 of 2nd period - Shot by Ryan OReilly.
6:37 of 2nd period - Stopped by Marc-Andre Fleury without a rebound.
6:38 of 2nd period - Ryan Getzlaf wins face-off versus Ryan OReilly in Penguins zone.
6:40 of 2nd period - Icing by Jakub Voracek.
6:41 of 2nd period - Ryan OReilly wins face-off versus Ryan Getzlaf in Penguins zone.
7:18 of 2nd period - Shot by Justin Abdelkader.
7:18 of 2nd period - Stopped by Marc-Andre Fleury without a rebound.
7:18 of 2nd period - Minor Penalty to Jacob Trouba for Roughing.
7:19 of 2nd period - Luke Glendening wins face-off versus Trevor Lewis in Penguins zone.
7:44 of 2nd period - Shot by Zack Kassian.
7:44 of 2nd period - Shot Misses the Net.
8:30 of 2nd period - Shot by Kevin Bieksa.
8:30 of 2nd period - Goal by Kevin Bieksa - Penguins : 1 - BlackHawks : 2.
8:31 of 2nd period - Ryan Getzlaf wins face-off versus Mike Richards in neutral zone.
8:31 of 2nd period - Ryan Getzlaf is hit by Tom Wilson.
8:43 of 2nd period - Minor Penalty to Tom Wilson for Tripping.
8:44 of 2nd period - Mike Richards wins face-off versus James van Riemsdyk in BlackHawks zone.
9:09 of 2nd period - Shot by Ryan Getzlaf.
9:09 of 2nd period - Shot Misses the Net.
9:27 of 2nd period - Shot by Jakub Voracek.
9:27 of 2nd period - Deflect By Ryan Getzlaf.
9:27 of 2nd period - Stopped by Cam Ward without a rebound.
9:28 of 2nd period - Ondrej Palat wins face-off versus Trevor Lewis in BlackHawks zone.
9:29 of 2nd period - Shot by Jacob Trouba.
9:29 of 2nd period - Stopped by Cam Ward without a rebound.
9:30 of 2nd period - Trevor Lewis wins face-off versus Ryan Nugent-Hopkins in BlackHawks zone.
9:36 of 2nd period - Icing by Victor Hedman.
9:37 of 2nd period - Mike Richards wins face-off versus Ryan Nugent-Hopkins in Penguins zone.
9:54 of 2nd period - Shot by Jacob Trouba.
9:54 of 2nd period - Stopped by Cam Ward without a rebound.
9:55 of 2nd period - James van Riemsdyk wins face-off versus Trevor Lewis in BlackHawks zone.
10:00 of 2nd period - Shot by Jakub Voracek.
10:00 of 2nd period - Stopped by Cam Ward without a rebound.
10:01 of 2nd period - Ryan Getzlaf wins face-off versus Mike Richards in BlackHawks zone.
10:12 of 2nd period - Shot by Ryan Suter.
10:12 of 2nd period - Stopped by Cam Ward with a rebound.
10:26 of 2nd period - Shot by Mark Giordano.
10:26 of 2nd period - Stopped by Cam Ward with a rebound.
10:28 of 2nd period - Shot by Jakub Voracek.
10:28 of 2nd period - Deflect By Ryan Getzlaf.
10:28 of 2nd period - Shot Misses the Net.
10:30 of 2nd period - Shot by James van Riemsdyk.
10:30 of 2nd period - Shot Misses the Net.
10:32 of 2nd period - Shot by Mark Giordano.
10:32 of 2nd period - Goal by Mark Giordano - Penguins : 2 - BlackHawks : 2.
10:33 of 2nd period - Ryan Nugent-Hopkins wins face-off versus Trevor Lewis in neutral zone.
10:38 of 2nd period - Shot by Ryan Nugent-Hopkins.
10:38 of 2nd period - Stopped by Cam Ward without a rebound.
10:39 of 2nd period - Ryan OReilly wins face-off versus Ryan Nugent-Hopkins in BlackHawks zone.
11:02 of 2nd period - Shot by Ondrej Palat.
11:02 of 2nd period - Shot Blocked by Keith Aulie.
11:37 of 2nd period - Icing by Dion Phaneuf.
11:38 of 2nd period - Luke Glendening wins face-off versus Trevor Lewis in BlackHawks zone.
11:57 of 2nd period - Shot by Zack Kassian.
11:57 of 2nd period - Shot Misses the Net.
12:11 of 2nd period - Shot by Trevor Lewis.
12:11 of 2nd period - Stopped by Marc-Andre Fleury without a rebound.
12:12 of 2nd period - Mike Richards wins face-off versus Ryan Getzlaf in Penguins zone.
12:17 of 2nd period - Shot by Mike Richards.
12:17 of 2nd period - Shot Blocked by Seth Jones.
12:32 of 2nd period - Jakub Voracek is hit by Kevin Bieksa and loses puck.
12:41 of 2nd period - Shot by Ryan Getzlaf.
12:41 of 2nd period - Stopped by Cam Ward without a rebound.
12:42 of 2nd period - Ryan OReilly wins face-off versus Ryan Nugent-Hopkins in BlackHawks zone.
12:42 of 2nd period - Ryan OReilly is hit by Ondrej Palat.
12:52 of 2nd period - Off-side.
12:53 of 2nd period - Trevor Lewis wins face-off versus Luke Glendening in neutral zone.
13:16 of 2nd period - Shot by Trevor Lewis.
13:16 of 2nd period - Shot Misses the Net.
14:52 of 2nd period - Icing by Kevin Bieksa.
14:53 of 2nd period - Ryan Getzlaf wins face-off versus Mike Richards in BlackHawks zone.
16:01 of 2nd period - Shot by Brandon Saad.
16:01 of 2nd period - Stopped by Cam Ward without a rebound.
16:02 of 2nd period - Ryan OReilly wins face-off versus Mark Arcobello in BlackHawks zone.
16:18 of 2nd period - Icing by Tanner Pearson.
16:19 of 2nd period - Mark Arcobello wins face-off versus Trevor Lewis in Penguins zone.
16:19 of 2nd period - Mark Arcobello is hit by Zack Kassian.
16:35 of 2nd period - Shot by Mark Arcobello.
16:35 of 2nd period - Deflect By Tanner Pearson.
16:35 of 2nd period - Shot Misses the Net.
17:00 of 2nd period - Off-side.
17:01 of 2nd period - Ryan Getzlaf wins face-off versus Ryan OReilly in neutral zone.
17:21 of 2nd period - Icing by Dion Phaneuf.
17:22 of 2nd period - Ryan Nugent-Hopkins wins face-off versus Justin Abdelkader in BlackHawks zone.
17:30 of 2nd period - Icing by Dion Phaneuf.
17:31 of 2nd period - Ryan OReilly wins face-off versus Ryan Nugent-Hopkins in BlackHawks zone.
18:46 of 2nd period - Shot by Trevor Lewis.
18:46 of 2nd period - Stopped by Marc-Andre Fleury without a rebound.
18:47 of 2nd period - Luke Glendening wins face-off versus Mike Richards in Penguins zone.
18:47 of 2nd period - Luke Glendening is hit by Marcus Foligno.
19:34 of 2nd period - Minor Penalty to Luke Glendening for Roughing.
19:35 of 2nd period - Trevor Lewis wins face-off versus Gregory Campbell in Penguins zone.
Goals for this period are 2 for Penguins vs 1 for BlackHawks.
Shots for this period are 12 for Penguins vs 5 for BlackHawks.

3rd period


0:01 of 3rd period - Gregory Campbell wins face-off versus Ryan OReilly in neutral zone.
0:20 of 3rd period - Shot by Dion Phaneuf.
0:20 of 3rd period - Shot Misses the Net.
0:39 of 3rd period - Icing by Marek Zidlicky.
0:40 of 3rd period - Ryan Nugent-Hopkins wins face-off versus Ryan OReilly in BlackHawks zone.
0:51 of 3rd period - Shot by Marek Zidlicky.
0:51 of 3rd period - Stopped by Marc-Andre Fleury without a rebound.
0:52 of 3rd period - Gregory Campbell wins face-off versus Trevor Lewis in Penguins zone.
1:10 of 3rd period - Ondrej Palat is hit by Zack Kassian and loses puck.
1:24 of 3rd period - Icing by Robyn Regehr.
1:25 of 3rd period - Trevor Lewis wins face-off versus Ryan Nugent-Hopkins in BlackHawks zone.
1:51 of 3rd period - Shot by Marcus Foligno.
1:51 of 3rd period - Shot Misses the Net.
1:53 of 3rd period - Shot by Marcus Foligno.
1:53 of 3rd period - Stopped by Marc-Andre Fleury with a rebound.
2:01 of 3rd period - Shot by Mike Richards.
2:01 of 3rd period - Shot Misses the Net.
2:05 of 3rd period - Shot by Tom Wilson.
2:05 of 3rd period - Stopped by Marc-Andre Fleury without a rebound.
2:06 of 3rd period - Ryan Nugent-Hopkins wins face-off versus Ryan OReilly in Penguins zone.
2:08 of 3rd period - Icing by Ondrej Palat.
2:09 of 3rd period - Ryan OReilly wins face-off versus Ryan Nugent-Hopkins in Penguins zone.
2:09 of 3rd period - Ryan OReilly is hit by Ryan Suter.
2:14 of 3rd period - Icing by Ondrej Palat.
2:15 of 3rd period - Ryan OReilly wins face-off versus Ryan Nugent-Hopkins in Penguins zone.
2:18 of 3rd period - Shot by Alex Galchenyuk.
2:18 of 3rd period - Shot Misses the Net.
3:44 of 3rd period - Shot by Ryan Getzlaf.
3:44 of 3rd period - Stopped by Cam Ward without a rebound.
3:45 of 3rd period - Mike Richards wins face-off versus Luke Glendening in BlackHawks zone.
3:45 of 3rd period - Marcus Foligno is hit by Tanner Pearson and loses puck.
3:58 of 3rd period - Dmitry Kulikov is hit by Tom Wilson and loses puck.
4:19 of 3rd period - Shot by Marcus Foligno.
4:19 of 3rd period - Shot Misses the Net.
4:21 of 3rd period - Shot by Tom Wilson.
4:21 of 3rd period - Shot Blocked by Dmitry Kulikov.
5:06 of 3rd period - Shot by Ondrej Palat.
5:06 of 3rd period - Stopped by Cam Ward without a rebound.
5:07 of 3rd period - Ryan Getzlaf wins face-off versus Ryan OReilly in BlackHawks zone.
5:35 of 3rd period - Icing by Jakub Voracek.
5:36 of 3rd period - Brandon Bollig wins face-off versus Jakub Voracek in Penguins zone.
5:37 of 3rd period - Shot by Luke Gazdic.
5:37 of 3rd period - Stopped by Marc-Andre Fleury without a rebound.
5:38 of 3rd period - Trevor Lewis wins face-off versus Ryan Nugent-Hopkins in Penguins zone.
6:04 of 3rd period - Minor Penalty to Kevin Bieksa for Hooking.
6:05 of 3rd period - Mike Richards wins face-off versus Jakub Voracek in BlackHawks zone.
6:45 of 3rd period - Icing by James van Riemsdyk.
6:46 of 3rd period - Ryan Getzlaf wins face-off versus Mike Richards in Penguins zone.
6:46 of 3rd period - Ryan Getzlaf is hit by Mike Richards.
6:57 of 3rd period - Shot by Ryan Getzlaf.
6:57 of 3rd period - Deflect By Jakub Voracek.
6:57 of 3rd period - Stopped by Cam Ward with a rebound.
7:27 of 3rd period - Shot by Ryan Nugent-Hopkins.
7:27 of 3rd period - Shot Misses the Net.
7:47 of 3rd period - Shot by Ryan Suter.
7:47 of 3rd period - Stopped by Cam Ward without a rebound.
7:48 of 3rd period - Mike Richards wins face-off versus Ryan Getzlaf in BlackHawks zone.
7:48 of 3rd period - Mike Richards is hit by James van Riemsdyk.
8:36 of 3rd period - Shot by Brandon Saad.
8:36 of 3rd period - Shot Misses the Net.
8:38 of 3rd period - Shot by Seth Jones.
8:38 of 3rd period - Stopped by Cam Ward without a rebound.
8:39 of 3rd period - Ryan Nugent-Hopkins wins face-off versus Trevor Lewis in BlackHawks zone.
8:39 of 3rd period - Jacob Trouba is hit by Adam McQuaid.
8:44 of 3rd period - Minor Penalty to Keith Aulie for Roughing.
8:45 of 3rd period - Mike Richards wins face-off versus Ryan Getzlaf in BlackHawks zone.
9:04 of 3rd period - Shot by Mark Giordano.
9:04 of 3rd period - Shot Misses the Net.
9:06 of 3rd period - Shot by Ryan Getzlaf.
9:06 of 3rd period - Shot Misses the Net.
9:08 of 3rd period - Shot by James van Riemsdyk.
9:08 of 3rd period - Shot Blocked by Adam McQuaid.
9:10 of 3rd period - Shot by Ryan Getzlaf.
9:10 of 3rd period - Goal by Ryan Getzlaf - Penguins : 3 - BlackHawks : 2.
9:11 of 3rd period - Ryan OReilly wins face-off versus Ryan Nugent-Hopkins in neutral zone.
9:19 of 3rd period - Ryan Nugent-Hopkins is hit by Justin Abdelkader and loses puck.
9:28 of 3rd period - Off-side.
9:29 of 3rd period - Ryan Getzlaf wins face-off versus Zack Kassian in neutral zone.
9:52 of 3rd period - Jakub Voracek is hit by Keith Aulie and loses puck.
10:04 of 3rd period - Minor Penalty to Adam McQuaid for Tripping.
10:05 of 3rd period - Ryan Nugent-Hopkins wins face-off versus Mike Richards in BlackHawks zone.
10:22 of 3rd period - Shot by Victor Hedman.
10:22 of 3rd period - Shot Misses the Net.
10:24 of 3rd period - Shot by Ryan Nugent-Hopkins.
10:24 of 3rd period - Shot Misses the Net.
10:26 of 3rd period - Shot by Jacob Trouba.
10:26 of 3rd period - Stopped by Cam Ward with a rebound.
10:28 of 3rd period - Shot by Mike Cammalleri.
10:28 of 3rd period - Stopped by Cam Ward without a rebound.
10:29 of 3rd period - Trevor Lewis wins face-off versus Ryan Getzlaf in BlackHawks zone.
10:44 of 3rd period - Shot by James van Riemsdyk.
10:44 of 3rd period - Stopped by Cam Ward without a rebound.
10:45 of 3rd period - Ryan Nugent-Hopkins wins face-off versus Trevor Lewis in BlackHawks zone.
12:31 of 3rd period - Brandon Saad is hit by Keith Aulie.
12:44 of 3rd period - Minor Penalty to Adam McQuaid for High sticking.
12:45 of 3rd period - Marcus Foligno wins face-off versus Ryan Getzlaf in BlackHawks zone.
13:05 of 3rd period - James van Riemsdyk is hit by Dion Phaneuf and loses puck.
13:54 of 3rd period - Shot by Mike Cammalleri.
13:54 of 3rd period - Stopped by Cam Ward without a rebound.
13:55 of 3rd period - Mike Richards wins face-off versus Ryan Nugent-Hopkins in BlackHawks zone.
14:53 of 3rd period - Luke Gazdic is hit by Dmitry Kulikov and loses puck.
14:58 of 3rd period - Shot by Ryan Reaves.
14:58 of 3rd period - Stopped by Marc-Andre Fleury with a rebound.
15:06 of 3rd period - Shot by Luke Gazdic.
15:06 of 3rd period - Shot Misses the Net.
15:08 of 3rd period - Shot by Brandon Bollig.
15:08 of 3rd period - Shot Blocked by Seth Jones.
15:10 of 3rd period - Shot by Keith Aulie.
15:10 of 3rd period - Stopped by Marc-Andre Fleury without a rebound.
15:11 of 3rd period - Ryan Getzlaf wins face-off versus Ryan OReilly in Penguins zone.
15:11 of 3rd period - Ryan Getzlaf is hit by Justin Abdelkader.
15:53 of 3rd period - James van Riemsdyk is hit by Keith Aulie and loses puck.
16:03 of 3rd period - Icing by Keith Aulie.
16:04 of 3rd period - Ryan OReilly wins face-off versus Ryan Nugent-Hopkins in BlackHawks zone.
17:00 of 3rd period - Shot by Brandon Saad.
17:00 of 3rd period - Stopped by Cam Ward without a rebound.
17:01 of 3rd period - Gregory Campbell wins face-off versus Mike Richards in BlackHawks zone.
17:09 of 3rd period - Minor Penalty to Gregory Campbell for Hooking.
17:10 of 3rd period - Ryan OReilly wins face-off versus Luke Glendening in Penguins zone.
17:16 of 3rd period - Ryan OReilly is hit by Dmitry Kulikov and loses puck.
17:35 of 3rd period - Shot by Alex Galchenyuk.
17:35 of 3rd period - Stopped by Marc-Andre Fleury without a rebound.
17:36 of 3rd period - Ryan Nugent-Hopkins wins face-off versus Trevor Lewis in Penguins zone.
18:05 of 3rd period - Shot by Dion Phaneuf.
18:05 of 3rd period - Shot Blocked by Mark Giordano.
18:07 of 3rd period - Shot by Marek Zidlicky.
18:07 of 3rd period - Shot Misses the Net.
18:09 of 3rd period - Shot by Dion Phaneuf.
18:09 of 3rd period - Goal by Dion Phaneuf - Penguins : 3 - BlackHawks : 3.
18:10 of 3rd period - Mike Richards wins face-off versus Ryan Getzlaf in neutral zone.
18:31 of 3rd period - Shot by Jakub Voracek.
18:31 of 3rd period - Deflect By James van Riemsdyk.
18:31 of 3rd period - Stopped by Cam Ward without a rebound.
18:32 of 3rd period - Mark Arcobello wins face-off versus Ryan OReilly in BlackHawks zone.
19:18 of 3rd period - Mark Arcobello is hit by Robyn Regehr and loses puck.
19:43 of 3rd period - Dwight King is hit by Ryan Suter and loses puck.
Goals for this period are 1 for Penguins vs 1 for BlackHawks.
Shots for this period are 12 for Penguins vs 8 for BlackHawks.

Overtime #1


0:01 of 1st overtime period - Trevor Lewis wins face-off versus Ryan Getzlaf in neutral zone.
0:07 of 1st overtime period - Alex Galchenyuk is hit by Ryan Suter and loses puck.
0:16 of 1st overtime period - Shot by Trevor Lewis.
0:16 of 1st overtime period - Deflect By Alex Galchenyuk.
0:16 of 1st overtime period - Stopped by Marc-Andre Fleury without a rebound.
0:17 of 1st overtime period - Trevor Lewis wins face-off versus Ryan Getzlaf in Penguins zone.
0:26 of 1st overtime period - Shot by Alex Galchenyuk.
0:26 of 1st overtime period - Shot Misses the Net.
0:34 of 1st overtime period - Shot by James van Riemsdyk.
0:34 of 1st overtime period - Shot Misses the Net.
2:14 of 1st overtime period - Shot by Ryan Getzlaf.
2:14 of 1st overtime period - Deflect By James van Riemsdyk.
2:14 of 1st overtime period - Shot Blocked by Kevin Bieksa.
2:58 of 1st overtime period - Shot by Ryan Nugent-Hopkins.
2:58 of 1st overtime period - Stopped by Cam Ward without a rebound.
2:59 of 1st overtime period - Ryan Getzlaf wins face-off versus Ryan OReilly in BlackHawks zone.
3:00 of 1st overtime period - Shot by James van Riemsdyk.
3:00 of 1st overtime period - Shot Misses the Net.
3:27 of 1st overtime period - Shot by Robyn Regehr.
3:27 of 1st overtime period - Shot Blocked by Victor Hedman.
3:29 of 1st overtime period - Shot by Dion Phaneuf.
3:29 of 1st overtime period - Stopped by Marc-Andre Fleury without a rebound.
3:30 of 1st overtime period - Ryan Nugent-Hopkins wins face-off versus Zack Kassian in Penguins zone.
3:39 of 1st overtime period - Shot by Ryan Nugent-Hopkins.
3:39 of 1st overtime period - Shot Misses the Net.
3:42 of 1st overtime period - Icing by Robyn Regehr.
3:43 of 1st overtime period - Ryan Getzlaf wins face-off versus Zack Kassian in BlackHawks zone.
4:42 of 1st overtime period - Shot by Ryan Nugent-Hopkins.
4:42 of 1st overtime period - Deflect By Jakub Voracek.
4:42 of 1st overtime period - Stopped by Cam Ward without a rebound.
4:43 of 1st overtime period - Justin Abdelkader wins face-off versus Ryan Nugent-Hopkins in BlackHawks zone.
4:49 of 1st overtime period - Icing by Mark Giordano.
4:50 of 1st overtime period - Ryan OReilly wins face-off versus Ryan Nugent-Hopkins in Penguins zone.
Goals for this period are 0 for Penguins vs 0 for BlackHawks.
Shots for this period are 2 for Penguins vs 2 for BlackHawks.

ShootOut


5:00 of 1st overtime period - Penalty Shot by Ryan Nugent-Hopkins for Penguins.
5:00 of 1st overtime period - Stopped by Cam Ward.
5:00 of 1st overtime period - Penalty Shot by Alex Galchenyuk for BlackHawks.
5:00 of 1st overtime period - Stopped by Marc-Andre Fleury.
5:00 of 1st overtime period - Penalty Shot by Jakub Voracek for Penguins.
5:00 of 1st overtime period - Stopped by Cam Ward.
5:00 of 1st overtime period - Penalty Shot by Zack Kassian for BlackHawks.
5:00 of 1st overtime period - Stopped by Marc-Andre Fleury.
5:00 of 1st overtime period - Penalty Shot by Mike Cammalleri for Penguins.
5:00 of 1st overtime period - Stopped by Cam Ward.
5:00 of 1st overtime period - Penalty Shot by Justin Abdelkader for BlackHawks.
5:00 of 1st overtime period - Shot Misses the Net.
5:00 of 1st overtime period - Penalty Shot by Ryan Getzlaf for Penguins.
5:00 of 1st overtime period - Stopped by Cam Ward.
5:00 of 1st overtime period - Penalty Shot by Ryan OReilly for BlackHawks.
5:00 of 1st overtime period - Goal by Ryan OReilly.